AoeStats
← 阿吉

Nomad

510176258Analyzed
3v3 RM · 2d ago on Sep 29, 2026· 48m 42s· 6 players
Game mode
Random Map
Map size
210×210
Population
200
Speed
Normal
Resources
Standard
Victory
Conquest
Starting age
Dark Age
Ending age
Imperial Age
RankedLock teamsTeams togetherTeam positionsShared explorationLock speedFull tech treeHidden civsTurbo modeCheats
Victory
Defeat
🇨🇳 Persians · China
1229
+14
🇨🇳 Huns · China
1214
+14
🇨🇳 Saracens · China
1131
+17
🇷🇺 Chinese · Russia
1201
-16
🇪🇸 Lithuanians · Spain
1168
-15
🇲🇽 Magyars · Mexico
1156
-14
Self_vs_Self
3:28 Loom
13:01 Feudal Age
20:19 Castle Age
19:40 Double-Bit Axe
19:37 Horse Collar
19:49 Gold Mining
20:01 Padded Archer Armor
19:51 Fletching
23:33 Wheelbarrow
29:27 Bodkin Arrow
29:47 Leather Archer Armor
31:32 Gold Shaft Mining
35:21 Imperial Age
33:08 Hand Cart
33:32 Town Watch
34:41 Heavy Plow
35:06 Ballistics
35:24 Elite Chu Ko Nu
36:28 Conscription
37:57 Chemistry
37:16 Bow Saw
38:11 Ring Archer Armor
37:41 Bracer
39:48 Bracer
42:51 Town Patrol
43:29 Masonry
43:52 Scale Mail Armor
44:02 Forging
47:41 Architecture
48:54 Two-Man Saw
Hillary Clinton
6:12 Loom
15:30 Feudal Age
17:03 Horse Collar
17:23 Double-Bit Axe
17:36 Stone Mining
20:16 Castle Age
25:46 Fletching
26:16 Town Watch
26:29 Bodkin Arrow
30:17 Imperial Age
28:46 Scale Barding Armor
29:15 Hill Forts
30:11 Chain Barding Armor
30:55 Forging
32:55 Plate Barding Armor
34:48 Iron Casting
33:50 Elite Leitis
35:38 Conscription
45:42 Gold Mining
Cid Hitokiri
10:25 Loom
13:29 Feudal Age
14:51 Double-Bit Axe
15:59 Town Watch
20:25 Castle Age
19:16 Bloodlines
20:44 Scale Barding Armor
20:59 Light Cavalry
28:37 Fletching
30:56 Pikeman
36:12 Fishing Lines
36:48 Horse Collar
37:25 Scale Mail Armor
38:58 Chain Mail Armor
43:21 Wheelbarrow
46:11 Imperial Age
47:50 Conscription
Sky
3:52 Loom
16:54 Feudal Age
17:24 Gold Mining
17:22 Double-Bit Axe
17:47 Fishing Lines
20:52 Castle Age
19:09 Town Watch
20:24 Wheelbarrow
20:00 Scale Barding Armor
20:54 Bloodlines
21:09 Forging
22:27 Husbandry
22:58 Bow Saw
23:26 Gold Shaft Mining
23:23 Gillnets
25:16 Chain Barding Armor
27:20 Iron Casting
29:00 Hand Cart
28:45 Town Patrol
34:29 Light Cavalry
38:35 Imperial Age
39:23 Hussar
42:09 Masonry
41:55 Murder Holes
44:29 Plate Barding Armor
45:00 Blast Furnace
Martin
3:42 Loom
13:55 Feudal Age
14:32 Double-Bit Axe
15:06 Gold Mining
17:17 Wheelbarrow
18:00 Fletching
18:22 Forging
19:19 Scale Mail Armor
26:44 Castle Age
26:46 Bloodlines
26:57 Scale Barding Armor
27:47 Husbandry
29:12 Hand Cart
32:21 Bodkin Arrow
33:33 Town Watch
35:01 Pikeman
37:49 Bow Saw
38:17 Squires
38:03 Gambesons
42:07 Medium Warships
41:38 Elite Skirmisher
45:25 Imperial Age
45:53 Fishing Lines
47:50 Chemistry
47:11 Ballistics
47:49 Onager
阿吉
5:25 Loom
16:13 Feudal Age
17:37 Double-Bit Axe
20:24 Castle Age
18:38 Bloodlines
19:03 Scale Barding Armor
19:08 Forging
19:14 Fletching
21:24 Chain Barding Armor
21:04 Bodkin Arrow
21:25 Medium Warships
22:01 Chain Barding Armor
22:17 Iron Casting
22:54 Husbandry
22:58 Fishing Lines
23:33 Gillnets
28:13 Wheelbarrow
30:27 Hand Cart
35:14 Imperial Age
33:37 Bow Saw
34:43 Town Watch
35:16 Cavalier
36:44 Plate Barding Armor
37:09 Blast Furnace
36:24 Town Patrol
35:48 Light Cavalry
37:03 Savar
38:33 Heavy Camel Rider
43:10 Chemistry
42:30 Ballistics
42:58 Conscription
44:05 Hussar
46:20 Hoardings
45:56 Padded Archer Armor
46:18 Masonry
46:05 Murder Holes
Connection lost

Rejoining the realm…

Still unreachable

The connection could not be restored.

Session expired

The server has moved on; the page needs a fresh start.